 Dungeon Crawl Stone Soup version 0.27-a0-1273-gec92ba881d (webtiles) character file.

Game seed: 13108645239173426731

2388 night the Frost Mage (level 9, -4/64 HPs)
             Began as an Octopode Ice Elementalist on June 11, 2021.
             Was a Believer of Vehumet.
             Slain by an ice beast (13 damage)
             ... on level 6 of the Dungeon.
             The game lasted 00:17:53 (7987 turns).

night the Frost Mage (Octopode Ice Elementalist)    Turns: 7987, Time: 00:17:53

Health: -4/64      AC:  1    Str:  7    XL:     9   Next: 46%
Magic:  13/19      EV: 13    Int: 21    God:    Vehumet [**....]
Gold:   200        SH:  0    Dex: 12    Spells: 12/21 levels left

rFire    . . .     SeeInvis .   c - +0 long sword (flame)
rCold    . . .     Faith    +   (no shield)
rNeg     . . .     Spirit   .   (helmet restricted)
rPois    .         Reflect  .   m - amulet of faith
rElec    .         Harm     .   (no ring)
rCorr    .         Rampage  .   (no ring)
Will     .....                  (no ring)
Stlth    +++.......             (no ring)
HPRegen  0.20/turn              (no ring)
MPRegen  0.16/turn              (no ring)
                                (no ring)
                                (no ring)

@: mighty, ice-armoured, corroded
A: almost no armour, amphibious, 8 rings, camouflage 1, gelatinous body 1,
(nimble swimmer 1), tentacles
a: Renounce Religion


You were on level 6 of the Dungeon.
You worshipped Vehumet.
Vehumet was pleased with you.
You visited 2 branches of the dungeon, and saw 7 of its levels.
You also visited: Sewer.

You collected 200 gold pieces.

Inventory:

Hand Weapons
 a - a +0 short sword
 b - a +0 hunting sling
 c - a +0 long sword of flaming (weapon)
 x - a +0 dagger of venom
Missiles
 h - 4 boomerangs of dispersal
 k - 29 poisoned darts (quivered)
 n - 148 stones
 o - 17 boomerangs
 y - 20 sling bullets
Magical Staves
 j - a staff of air
Jewellery
 e - an amulet of reflection
 m - an amulet of faith (around mantle)
Wands
 s - a wand of digging (4)
 t - a wand of flame (12)
Scrolls
 f - 5 scrolls of teleportation
 q - 5 scrolls of identify
 r - a scroll of magic mapping
Potions
 i - 2 potions of brilliance
 l - 3 potions of heal wounds
 p - a potion of lignification
 u - 5 potions of curing
 v - 3 potions of flight
 w - 2 potions of might
 z - a potion of ambrosia {unknown}


   Skills:
 + Level 7.0 Fighting
 - Level 2.0 Dodging
 - Level 2.6 Stealth
 + Level 6.8 Spellcasting
 + Level 8.2 Ice Magic


You had 12 spell levels left.
You knew the following spells:

 Your Spells              Type           Power      Damage    Failure   Level
a - Freeze                Ice            100%       1d11      1%          1
b - Frozen Ramparts       Ice            84%        1d10      1%          3
c - Ozocubu's Armour      Ice            42%        N/A       1%          3
d - Poisonous Vapours     Pois/Air       14%        N/A       14%         2

Your spell library contained the following spells:

 Spells                   Type           Power      Damage    Failure   Level
 Inner Flame              Hex/Fire       7%         N/A       26%         3
 Summon Small Mammal      Summ           28%        N/A       9%          1
 Call Imp                 Summ           7%         N/A       14%         2
 Hailstorm                Conj/Ice       24%        3d7       16%         4
 Summon Ice Beast         Ice/Summ       24%        N/A       16%         4
 Call Canine Familiar     Summ           7%         N/A       26%         3
 Summon Guardian Golem    Hex/Summ       7%         N/A       26%         3
 Metabolic Englaciation   Hex/Ice        12%        N/A       41%         5
 Summon Lightning Spire   Summ/Air       7%         N/A       65%         4


Dungeon Overview and Level Annotations

Branches:
Dungeon (6/15)             Temple (1/1) D:5           Sewer (visited)

Altars:
Ashenzari
Cheibriados
Dithmenos
Elyvilon
Fedhas
Gozag
Hepliaklqana
Kikubaaqudgha
Makhleb
Nemelex Xobeh
Okawaru
Qazlal
Sif Muna
Trog
Uskayaw
Vehumet
Wu Jian
Xom
Yredelemnul
Zin
The Shining One

Annotations:
D:5 1 runed translucent door


Innate Abilities, Weirdness & Mutations

You cannot wear most types of armour.
You are amphibious.
You can wear up to eight rings at the same time.
Your skin changes colour to match your surroundings (Stealth+).
Your rubbery body absorbs attacks. (AC +1, EV +1)
((You are camouflaged near water. (Stealth+)))
You have tentacles for arms and can constrict up to eight enemies at once.


Message History

It was a potion of might.
You feel very mighty all of a sudden.
The ice beast hits you but does no damage.
You feel much better. The ice beast misses you.
Casting: Ozocubu's Armour (safe; 1% risk of failure)
Confirm with . or Enter, or press ? or * to list all spells.
Your icy armour thickens.
The frozen ramparts melt away.
The ice beast hits you but does no damage.
Unknown command.
Aiming: Throw Flame
Press: ? - help, Shift-Dir - straight line, f - ice beast
Aim: an ice beast (68% to hit)
The puff of flame hits the ice beast!
The ice beast melts!
The ice beast is moderately wounded.
The ice beast hits you. The ice beast freezes you!
That's the wrong kind of item! (Use * to select it.) Evoke which item? (* to show all) (? for menu, Esc to quit)
Okay, then.
Aiming: Throw Flame
Press: ? - help, Shift-Dir - straight line, f/p - ice beast
Aim: an ice beast (moderately wounded, 68% to hit)
The puff of flame misses the ice beast.
The ice beast hits you but does no damage.
You closely miss the ice beast. Your squeeze misses the ice beast.
The ice beast is moderately wounded.
The ice beast misses you. The ice beast completely misses you.
You riposte.
You hit the ice beast but do no damage.
The ice beast is moderately wounded.
You hit the ice beast.
You melt the ice beast.
The ice beast is heavily wounded.
The ice beast hits you.
* * * LOW HITPOINT WARNING * * *
The ice beast freezes you.
* * * LOW HITPOINT WARNING * * *
You hit the ice beast but do no damage. Your squeeze misses the ice beast.
The ice beast is heavily wounded.
The ice beast hits you.
* * * LOW HITPOINT WARNING * * *
The ice beast freezes you!
You die...

##### ..... ..... ... _.._. .....
...... .... ..... ...... ######
..... ..... ##$$$$## ... ...#+
#...##......# .. ...# .
+....##....# .. ...# ..
#.....#8@Y8#... #######. ...#
...###............. #.....+. ...+
...........>..#.... #.....#.
...#######...#######.....#'##..#.
.........#...##....#....##.##..#.
.[.......#...##....+....#..#...'.
.........###'##....#....#..#...#.
.........#...##....#....#'###..#.
###......#...##....#.......###+#.


You could see an ice beast.

Vanquished Creatures
  A wyvern (D:4)
  3 vampire mosquitoes (D:5)
  Duvessa (D:5)
  2 ice beasts
  3 ogres (D:5)
  A centaur (D:6)
  A kobold brigand (Sewer)
  9 scorpions
  Dowan (D:5)
  A killer bee (D:5)
  A howler monkey (D:6)
  A centaur zombie (D:5)
  A hound (D:6)
  A jelly (D:6)
  2 orc priests (D:4)
  A gnoll shaman (D:5)
  An iguana (D:6)
  A killer bee zombie (D:6)
  5 gnolls (D:5)
  A howler monkey skeleton (D:4)
  3 river rats (Sewer)
  7 adders
  An adder skeleton (D:5)
  A worm (D:6)
  6 dart slugs
  8 orcs
  7 ball pythons
  6 endoplasms
  4 giant cockroaches
  14 goblins
  5 hobgoblins
  9 jackals
  A quokka (D:2)
  6 bats
  2 frilled lizards
  19 kobolds
  24 rats
  2 butterflies (D:5)
163 creatures vanquished.

Vanquished Creatures (others)
  A fungus (D:3)
  2 plants (D:3)
3 creatures vanquished.

Grand Total: 166 creatures vanquished

Notes
Turn   | Place    | Note
-------+----------+-------------------------------------------
     0 | D:1      | night the Octopode Ice Elementalist began the quest for the
                  | Orb.
     0 | D:1      | Reached XP level 1. HP: 11/11 MP: 3/3
   132 | D:1      | Reached XP level 2. HP: 18/18 MP: 0/5
   264 | D:1      | Reached skill level 1 in Fighting
  1004 | D:2      | Reached XP level 3. HP: 23/23 MP: 6/6
  1273 | D:2      | Learned a level 3 spell: Frozen Ramparts
  1277 | D:2      | Learned a level 3 spell: Ozocubu's Armour
  2556 | D:3      | Reached XP level 4. HP: 29/29 MP: 8/8
  2622 | D:3      | Reached skill level 2 in Fighting
  2725 | D:3      | Found a broken altar of Ashenzari.
  2726 | D:3      | Found a glowing silver altar of Zin.
  2727 | D:3      | Found a hazy altar of Hepliaklqana.
  2847 | D:3      | Found a radiant altar of Vehumet.
  2852 | D:3      | Found a blossoming altar of Fedhas.
  2852 | D:3      | Found a bloodstained altar of Trog.
  2989 | D:3      | Found a shadowy altar of Dithmenos.
  2996 | D:3      | Became a worshipper of Vehumet
  3161 | D:3      | Found a faded altar of an unknown god.
  3714 | D:4      | Noticed a wyvern
  3720 | D:4      | Noticed a scorpion
  3737 | D:4      | Killed a scorpion
  3738 | D:4      | Reached XP level 5. HP: 13/35 MP: 2/9
  3742 | D:4      | Killed a wyvern
  3743 | D:4      | Reached skill level 5 in Ice Magic
  3743 | D:4      | Reached XP level 6. HP: 28/42 MP: 0/11
  4688 | D:5      | Entered Level 5 of the Dungeon
  4727 | D:5      | Reached XP level 7. HP: 36/48 MP: 6/13
  4847 | D:5      | Noticed Duvessa
  4847 | D:5      | Noticed Dowan
  4918 | D:4      | Reached skill level 6 in Ice Magic
  5118 | D:5      | Killed Duvessa
  5124 | D:5      | Killed Dowan
  5313 | D:5      | Reached XP level 8. HP: 31/54 MP: 15/15
  5537 | D:5      | Reached skill level 5 in Fighting
  5537 | D:5      | Reached skill level 5 in Spellcasting
  5549 | D:5      | Reached * piety under Vehumet
  5549 | D:5      | Offered knowledge of Sandblast by Vehumet.
  5659 | D:5      | Found a staircase to the Ecumenical Temple.
  5938 | Temple   | Entered the Ecumenical Temple
  6016 | D:5      | Found a runed translucent door.
  6018 | D:5      | Found a runed translucent door.
  6024 | D:5      | Reached skill level 7 in Ice Magic
  6030 | D:5      | Reached XP level 9. HP: 38/63 MP: 11/18
  6671 | D:6      | Reached skill level 8 in Ice Magic
  6704 | D:6      | Found a glowing drain.
  6708 | Sewer    | Entered a sewer
  6823 | Sewer    | Reached ** piety under Vehumet
  6823 | Sewer    | Offered knowledge of Poisonous Vapours by Vehumet.
  6827 | Sewer    | Learned a level 2 spell: Poisonous Vapours
  7134 | Sewer    | Offered knowledge of Inner Flame by Vehumet.
  7688 | D:6      | Reached *** piety under Vehumet
  7970 | D:6      | Found a basalt altar of Yredelemnul.
  7972 | D:6      | Found a snail-covered altar of Cheibriados.
  7979 | D:6      | HP: 7/64 [ice beast (12)]
  7987 | D:6      | HP: 9/64 [ice beast (4)]
  7987 | D:6      | Slain by an ice beast

Illustrated notes

Levels and vault maps discovered:
D:1:      nicolae_arrival_memento_mori, layout_loops_cross,
          minmay_misc_feat_more_columns
D:2:      layout_basic
D:3:      layout_loops_corners, grunt_temple_overflow_open,
          shapermc_ecumenical_altar_mp_ritualfount
D:4:      layout_basic, minmay_goblin_outpost
D:5:      lemuel_insect_pit, layout_cave_pools,
          minmay_temple_entry_stoned_glass, uniq_duvessa
D:6:      layout_gridville, jmf_multi_god_temple, gup_sewer_entry_bowl
Temple:   nicolae_temple_no_exploring_needed

Skill      XL: |  1  2  3  4  5  6  7  8  9 |
---------------+----------------------------+-----
Fighting       | 1 2 3 4 6 7 |  7.0
Spellcasting   | 3 4 6 |  6.8
Ice Magic      | 5 6 7 8 |  8.2
Dodging        | |  2.0
Stealth        | |  2.6

Action                   |  1- 3 |  4- 6 |  7- 9 || total
-------------------------+-------+-------+-------++-------
Melee: Short sword       |    47 |       |       ||    47
       Constrict         |    12 |    11 |    21 ||    44
       Tentacles         |    10 |    13 |    17 ||    40
       Staff             |     6 |       |       ||     6
       Long sword        |     2 |    47 |    98 ||   147
Throw: Dart              |     5 |     4 |    25 ||    34
 Cast: Freeze            |    15 |     3 |     7 ||    25
       Frozen Ramparts   |       |     8 |    12 ||    20
       Ozocubu's Armour  |       |     1 |     9 ||    10
       Poisonous Vapours |       |       |     2 ||     2
Evoke: Wand              |       |       |     2 ||     2
  Use: Scroll            |     5 |     2 |     2 ||     9
       Potion            |       |     6 |     6 ||    12
 Stab: Sleeping          |    16 |     6 |     6 ||    28
Armor: Skin              |     2 |     4 |    27 ||    33
Dodge: Dodged            |    38 |    32 |    94 ||   164
Block: Other             |       |    16 |    19 ||    35
       Reflection        |       |     1 |     3 ||     4
       Rpst.: Long sword |     1 |     8 |    27 ||    36

Table legend: (Time is in decaauts)
 A = Elapsed time spent in this place.
 B = Non-inter-level travel time spent in this place.
 C = Inter-level travel time spent in this place.
 D = Time resting spent in this place.
 E = Time spent auto-exploring this place.
 F = Levels seen in this place.
 G = Mean time per level.
                   A        B        C        D        E       F      G
               +--------+--------+--------+--------+--------+-----+--------+
         Total |   8032 |   7785 |    247 |    741 |   5828 |   8 | 1004.0 |
       Dungeon |   7109 |   6862 |    247 |    738 |   5189 |   6 | 1184.8 |
        Temple |      1 |      1 |      0 |      0 |      0 |   1 |    1.0 |
         Sewer |    920 |    920 |      0 |      3 |    639 |   1 |  920.0 |
               +--------+--------+--------+--------+--------+-----+--------+

Top non-repeatable levels by time:
     D:2: 1568 daAuts
     D:5: 1389 daAuts
     D:4: 1224 daAuts
     D:3: 1211 daAuts
   Sewer: 920 daAuts
     D:1: 905 daAuts
     D:6: 810 daAuts
  Temple: 1 daAuts
